Map: Вечная империя РВ

Players

Doll - Winner!

  • Race: Protoss Protoss
  • Spawn Location: 1:00

ИИ 1 (эксперт)

  • Race: Zerg Zerg
  • Spawn Location: 7:00

VOD

Have the link to the VOD?

Description

Time

  • Played on: June 3, 2020, 4:02 p.m.
  • Length: 11:34
Show
View Real Time Build Order
Export as new Build Order

Doll Protoss - Winner!

Build Orders:  

Get SALT Encoding   

  12  0:01  Probe (Chrono Boost)  
  13  0:12  Probe (Chrono Boost)  
  14  0:17  Pylon  
  14  0:20  Probe  
  15  0:35  Probe  
  15  0:38  Gateway  
  16  0:48  Probe  
  17  0:52  Gateway  
  17  1:00  Probe  
  18  1:05  Pylon  
  18  1:16  Gateway  
  18  1:21  Probe (Chrono Boost)  
  18  1:25  Zealot  
  21  1:31  Probe (Chrono Boost)  
  22  1:36  Probe (Chrono Boost), Pylon  
  23  1:41  Zealot  
  25  1:49  Assimilator  
  25  1:53  Zealot  
  27  1:55  Probe  
  28  2:03  Zealot  
  30  2:14  Probe (Chrono Boost)  
  31  2:18  Zealot  
  31  2:22  Zealot  
  35  2:25  Probe (Chrono Boost)  
  36  2:31  Pylon  
  36  2:33  Zealot  
  38  2:42  Gateway  
  38  2:46  Probe  
  38  2:50  Zealot  
  41  2:53  Zealot  
  41  2:58  Probe  
  44  3:19  Nexus  
  44  3:24  Pylon  
  44  3:29  Probe (Chrono Boost)  
  45  3:38  Gateway  
  45  3:42  Probe (Chrono Boost)  
  46  3:50  Probe (Chrono Boost)  
  47  4:07  Cybernetics Core  
  47  4:09  Probe  
  42  4:10  Pylon  
  42  4:13  Zealot x2  
  42  4:14  Zealot  
  44  4:21  Probe  
  41  4:25  Zealot  
  41  4:27  Zealot  
  45  4:34  Probe (Chrono Boost)  
  47  4:39  Probe (Chrono Boost)  
  47  4:44  Probe (Chrono Boost)  
  47  4:45  Stalker  
  50  4:46  Zealot  
  50  4:48  Zealot  
  50  4:51  Probe (Chrono Boost)  
  56  4:56  Probe (Chrono Boost)  
  56  4:57  Stalker  
  58  5:00  Zealot  
  58  5:04  Probe (Chrono Boost)  
  58  5:06  Probe (Chrono Boost)  
  62  5:16  Assimilator  
  62  5:17  Stalker  
  62  5:18  Stalker, Warp Gate (Chrono Boost)  
  66  5:25  Stalker  
  68  5:29  Stalker  
  68  5:30  Stalker  
  68  5:33  Probe (Chrono Boost)  
  74  5:36  Probe (Chrono Boost)  
  74  5:47  Stalker  
  76  5:59  Stalker  
  78  6:14  Nexus  
  78  6:17  Pylon  
  78  6:20  Pylon  
  78  6:26  Gateway  
  78  6:28  Gateway  
  78  6:30  Gateway  
  78  6:35  Probe x2  
  76  6:51  Adept  
  62  7:03  Probe x2  
  62  7:06  Stalker x4  
  68  7:12  Assimilator  
  68  7:15  Probe  
  69  7:16  Assimilator  
  69  7:20  Gateway  
  69  7:21  Gateway  
  65  7:23  Gateway  
  65  7:26  Zealot x3  
  71  7:30  Stalker x2  
  71  7:31  Stalker x2  
  71  7:32  Stalker  
  81  7:47  Probe x3  
  81  7:51  Stalker x2  
  88  7:59  Probe x2  
  88  8:02  Robotics Facility, Zealot x2  
  94  8:05  Zealot  
  94  8:07  Sentry  
  94  8:08  Sentry  
  94  8:10  Sentry  
  102  8:14  Zealot  
  102  8:18  Zealot  
  106  8:35  Pylon  
  106  8:37  Pylon  
  106  8:38  Forge  
  106  8:40  Forge  
  106  8:43  Forge  
  106  8:51  Stalker  
  106  8:53  Stalker  
  106  8:54  Stalker  
  106  8:55  Stalker  
  96  9:12  Probe x3  
  93  9:21  Zealot x3  
  93  9:22  Zealot  
  101  9:24  Probe x3  
  101  9:30  Robotics Facility  
  104  9:36  Probe x3  
  105  9:41  Observer  
  105  9:43  Adept x2  
  105  9:44  Adept x3  
  114  9:48  Probe x2  
  114  9:49  Probe  
  113  9:58  Assimilator  
  113  10:00  Stalker x2, Probe  
  113  10:02  Assimilator, Sentry  
  120  10:15  Stalker  
  120  10:21  Twilight Council  
  120  10:23  Probe x3  
  119  10:28  Stalker  
  119  10:31  Adept  
  119  10:35  Probe x2  
  121  10:57  Nexus  
  121  11:00  Stalker x3  
  121  11:01  Pylon  
  121  11:03  Pylon  
  125  11:06  Unknown  
  125  11:13  Pylon  
  125  11:15  Pylon  
  125  11:16  Stalker, Pylon  
  125  11:26  Zealot  
  125  11:27  Zealot x5  
  125  11:28  Zealot x2  
Show
View Real Time Build Order
Export as new Build Order

ИИ 1 (эксперт) Zerg 

Build Orders: Hatch First 

Get SALT Encoding   

  12  0:00  Drone  
  13  0:12  Overlord  
  13  0:17  Drone  
  14  0:30  Drone x2  
  14  0:34  Drone  
  17  0:52  Hatchery  
  17  0:55  Drone  
  17  1:11  Spawning Pool  
  17  1:13  Extractor  
  17  1:15  Drone  
  16  1:19  Drone  
  16  1:23  Drone  
  18  1:28  Drone  
  19  1:38  Overlord  
  19  1:40  Extractor  
  18  1:49  Drone  
  19  1:59  Zergling x2  
  19  2:01  Queen  
  20  2:04  Drone  
  23  2:18  Queen  
  25  2:23  Drone  
  25  2:28  Drone  
  27  2:32  Drone  
  28  2:37  Drone  
  29  2:52  Roach Warren  
  29  2:53  Drone  
  29  2:58  Drone  
  30  3:01  Zergling x2  
  30  3:04  Zergling x2  
  32  3:11  Overlord  
  32  3:14  Drone  
  32  3:16  Drone  
  34  3:32  Roach  
  34  3:33  Roach  
  34  3:34  Roach x2  
  42  3:41  Lair  
  42  3:45  Overlord  
  42  3:50  Zergling x2  
  42  3:51  Zergling x2  
  42  3:55  Zergling x2  
  42  3:56  Zergling x2  
  42  3:58  Zergling x2  
  36  4:13  Queen  
  36  4:16  Drone  
  34  4:21  Drone  
  34  4:25  Drone  
  34  4:29  Drone  
  36  4:33  Drone  
  36  4:38  Roach  
  39  4:43  Roach  
  41  4:46  Roach  
  41  4:51  Overlord  
  43  4:54  Zergling x2  
  43  4:56  Zergling x2  
  43  4:59  Drone  
  46  5:01  Drone  
  46  5:05  Roach  
  49  5:12  Hydralisk Den  
  48  5:17  Drone  
  48  5:19  Drone  
  50  5:22  Drone  
  50  5:24  Drone  
  52  5:28  Overlord  
  52  5:31  Drone  
  52  5:33  Drone  
  54  5:36  Drone  
  54  5:38  Drone  
  54  5:40  Drone  
  54  5:42  Hydralisk  
  59  5:46  Drone, Hydralisk  
  62  5:50  Overlord  
  62  5:54  Hydralisk  
  62  5:56  Drone  
  65  5:58  Drone  
  65  6:00  Drone  
  67  6:08  Drone, Roach, Overlord  
  67  6:09  Drone  
  71  6:11  Drone  
  71  6:13  Drone  
  71  6:14  Drone  
  71  6:18  Drone  
  75  6:26  Drone, Roach  
  75  6:28  Infestation Pit  
  75  6:29  Overlord  
  75  6:31  Drone  
  78  6:33  Roach  
  80  6:42  Roach  
  80  6:43  Zergling x2  
  80  6:44  Zergling x2  
  80  6:45  Zergling x2  
  80  6:46  Zergling x2  
  80  6:48  Evolution Chamber  
  80  6:50  Roach  
  71  6:55  Zergling x2, Roach, Hydralisk  
  71  6:58  Roach  
  74  7:02  Roach  
  74  7:07  Zergling x2, Infestor, Hydralisk  
  75  7:09  Roach  
  75  7:12  Hydralisk  
  77  7:15  Zerg Missile Weapons Level 1  
  77  7:19  Infestor  
  79  7:23  Overseer  
  79  7:24  Roach  
  79  7:25  Evolution Chamber  
  80  7:31  Extractor  
  80  7:32  Spire  
  80  7:33  Drone  
  80  7:34  Extractor  
  80  7:35  Hatchery  
  77  7:44  Drone  
  77  7:45  Drone  
  77  7:51  Zerg Ground Armor Level 1  
  79  7:54  Drone x3, Overlord  
  79  7:56  Drone  
  79  7:58  Drone  
  84  8:06  Drone  
  84  8:10  Ravager  
  84  8:12  Roach  
  88  8:13  Overlord  
  88  8:19  Ravager  
  89  8:21  Spine Crawler, Roach  
  89  8:26  Spine Crawler  
  89  8:29  Queen  
  89  8:30  Glial Reconstitution  
  91  8:39  Pneumatized Carapace  
  91  8:45  Mutalisk  
  91  8:47  Drone x2, Queen  
  91  8:48  Drone x5, Overlord  
  100  8:49  Drone  
  103  8:57  Drone  
  103  8:58  Drone  
  103  8:59  Zergling x2  
  103  9:00  Extractor  
  97  9:08  Zergling x2  
  97  9:09  Roach  
  84  9:10  Roach  
  84  9:14  Hydralisk  
  84  9:15  Drone, Roach  
  77  9:19  Roach  
  77  9:21  Drone, Roach  
  73  9:31  Hydralisk  
  58  9:51  Zergling x2  
  55  9:55  Zergling x2  
  56  10:01  Roach  
  49  10:18  Hatchery  
  45  10:26  Zergling x2  
  40  10:32  Zergling x2  
  39  10:39  Roach  
  37  10:47  Roach  
  37  10:51  Queen  
  37  10:52  Zergling x2, Roach  
Tags
 
Add a new tag
Caveats
  • Supply blocks, unpowered buildings, or Contaminate may cause inaccurate times.
  • Supply counts are checked every 10 seconds.